 Dungeon Crawl Stone Soup version 0.28-a0-773-g130ae17fe5 (webtiles) character file.

Game seed: 1950899247344756019

1839 Essalna the Conjurer (level 9, -1/48 HPs)
             Began as a Gargoyle Fire Elementalist on Nov 2, 2021.
             Was a Believer of Vehumet.
             Killed from afar by a steam dragon (25 damage)
             ... with a ball of steam
             ... on level 6 of the Dungeon.
             The game lasted 00:15:13 (7557 turns).

Essalna the Conjurer (Gargoyle Fire Elementalist)   Turns: 7557, Time: 00:15:14

Health: -1/48      AC: 11    Str: 12    XL:     9   Next: 11%
Magic:  2/18       EV: 12    Int: 19    God:    Vehumet [**....]
Gold:   125        SH:  0    Dex: 10    Spells: 13/20 levels left

rFire   . . .      SeeInvis .   q - +2 dagger (vamp)
rCold   . . .      Faith    .   (no shield)
rNeg    + . .      Spirit   .   a - +0 robe
rPois   ∞          Reflect  .   r - +1 helmet
rElec   +          Harm     .   (no cloak)
rCorr   +          Rampage  .   (no gloves)
Will    .....                   w - +0 pair of boots
Stlth   ++........              (no amulet)
HPRegen 0.16/turn               d - ring of resist corrosion
MPRegen 0.16/turn               (no ring)

@: hasted, very quick
A: sickness immunity, AC +6, negative energy resistance 1, electricity
resistance, torment resistance 1, petrification resistance
a: Renounce Religion


You were on level 6 of the Dungeon.
You worshipped Vehumet.
Vehumet was pleased with you.
You visited 2 branches of the dungeon, and saw 7 of its levels.

You collected 125 gold pieces.

Inventory:

Hand Weapons
 c - a +0 hand axe
 m - a +2 whip of freezing
 q - a +2 vampiric dagger (weapon)
Armour
 a - a +0 robe (worn)
 r - a +1 helmet (worn)
 w - a +0 pair of boots (worn)
Magical Staves
 j - a staff of poison
 s - a staff of earth
Jewellery
 d - a ring of resist corrosion (left hand)
 i - an amulet of guardian spirit
Wands
 g - a wand of acid (9)
Scrolls
 b - a scroll of teleportation
 e - 2 scrolls of silence {unknown}
 f - a scroll of enchant armour {unknown}
 h - 2 scrolls of enchant weapon {unknown}
 k - a scroll of identify {unknown}
 l - a scroll of fog {unknown}
 o - a scroll of immolation {unknown}
 t - 2 scrolls of amnesia {unknown}
 u - a scroll of magic mapping {unknown}
Potions
 n - a potion of curing {unknown}
 p - 3 potions of lignification {unknown}


   Skills:
 + Level 1.9 Fighting
 + Level 2.0 Armour
 + Level 2.3 Dodging
 - Level 2.1 Stealth
 + Level 6.1 Spellcasting
 + Level 6.9 Conjurations
 + Level 6.9 Fire Magic


You had 13 spell levels left.
You knew the following spells:

 Your Spells              Type           Power      Damage    Failure   Level
a - Foxfire               Conj/Fire      100%       2x1d9     1%          1
b - Scorch                Fire           64%        2d8       1%          2
c - Flame Wave            Conj/Fire      32%        3d7       6%          4

Your spell library contained the following spells:

 Spells                   Type           Power      Damage    Failure   Level
 Magic Dart               Conj           100%       1d8       1%          1
 Conjure Flame            Conj/Fire      32%        6-21      1%          3
 Inner Flame              Hex/Fire       18%        N/A       9%          3
 Ensorcelled Hibernation  Hex/Ice        10%        N/A       17%         2
 Spider Form              Tmut/Pois      5%         N/A       32%         3


Dungeon Overview and Level Annotations

Branches:
Dungeon (6/15)             Temple (1/1) D:4

Altars:
Ashenzari
Cheibriados
Dithmenos
Elyvilon
Gozag
Hepliaklqana
Makhleb
Nemelex Xobeh
Qazlal
Ru
Sif Muna
Trog
Uskayaw
Vehumet
Yredelemnul
Zin
The Shining One

Shops:
D:1 [   D:3 !   D:4 *


Innate Abilities, Weirdness & Mutations

You are immune to sickness and miasma.
Your stone body is resilient. (AC +6)
You are immune to poison.
You resist negative energy. (rN+)
You are resistant to electric shocks. (rElec)
You are resistant to unholy torment.
You are immune to petrification.


Message History

The orc warrior's fire resistance burns away.
You hear an angry growl.
You hear a bellow!
The steam dragon is no longer more vulnerable to fire.
A bullfrog zombie comes into view.
The steam dragon breathes steam at you. The ball of steam hits you!
* * * LOW HITPOINT WARNING * * *
Casting: Scorch (safe; 1% risk of failure)
Confirm with . or Enter, or press ? or * to list all spells.
You don't have enough magic to cast this spell.
You feel yourself speed up.
You are engulfed in a cloud of scalding steam.
* * * LOW HITPOINT WARNING * * *
The steam dragon bites you but does no damage.
The steam dragon claws you but does no damage.
You are engulfed in a cloud of scalding steam.
You are engulfed in a cloud of scalding steam.
* * * LOW HITPOINT WARNING * * *
You are engulfed in a cloud of scalding steam.
It was a potion of heal wounds.
You feel much better.
The bullfrog is engulfed in a cloud of scalding steam. x2
Okay, then.
Casting: Scorch (safe; 1% risk of failure)
Confirm with . or Enter, or press ? or * to list all spells.
Flames lash the bullfrog.
The bullfrog is almost dead.
The bullfrog's fire resistance burns away.
The steam dragon closely misses you.
The steam dragon claws you but does no damage.
The steam dragon breathes steam at you. The ball of steam hits you.
The bullfrog is no longer more vulnerable to fire.
The bullfrog is engulfed in a cloud of scalding steam.
The bullfrog dies!
Found 17 arrows.
A steam dragon is nearby!
The steam dragon breathes steam at you. The ball of steam hits you!!
Ouch! That really hurt!
You die...

#.##.# .# #.##.# ..
#.##.# # ######.##
#.##.# # #...(...#
#.##.# # #.......#
#.##.#### # ........#
#.#.....# # ........##
##.#.....# # #......@.#
#........# # .......#§#
#........#
.#######§###...#.#######
#..##............
##.##............
#D.##.#...§.....
######.##.#.........
#.......#.##.##.>...
##.......#.##.##.....


There were no monsters in sight!

Vanquished Creatures
  Pikel (D:3)
  2 black bears (D:4)
  2 ogres (D:5)
  A necrophage (D:4)
  A centaur (D:4)
  2 phantoms
  4 lemures
  A scorpion (D:5)
  A centaur zombie (D:6)
  A hound (D:4)
  A jelly (D:6)
  A gnoll shaman (D:4)
  3 orc priests (D:5)
  A bullfrog skeleton (D:6)
  A centaur skeleton (D:2)
  Ijyb (D:3)
  3 orc wizards (D:5)
  A killer bee zombie (D:4)
  2 hound skeletons (D:4)
  Robin (D:4)
  5 gnolls
  7 adders
  A white imp (D:5)
  2 ufetubi
  An adder skeleton (D:4)
  2 worms
  A dart slug (D:4)
  9 orcs
  4 ball pythons
  4 endoplasms
  3 giant cockroaches
  A hobgoblin (D:4)
  4 jackals (D:3)
  6 kobolds
  A quokka (D:4)
  2 bats (D:1)
  12 goblins
  3 rats
99 creatures vanquished.

Vanquished Creatures (others)
  A water moccasin (D:6)
  A bullfrog (D:6)
  497 foxfires
499 creatures vanquished.

Grand Total: 598 creatures vanquished

Notes
Turn   | Place    | Note
-------+----------+-------------------------------------------
     0 | D:1      | Essalna the Gargoyle Fire Elementalist began the quest for
                  | the Orb.
     0 | D:1      | Reached XP level 1. HP: 10/10 MP: 3/3
   750 | D:1      | Found Plog's Armour Shoppe.
   814 | D:1      | Found a faded altar of an unknown god.
  1252 | D:2      | Reached XP level 2. HP: 15/15 MP: 0/5
  1392 | D:2      | Reached XP level 3. HP: 19/19 MP: 0/6
  2162 | D:2      | Reached XP level 4. HP: 24/24 MP: 8/8
  2514 | D:3      | Found Erchod's Distillery.
  3235 | D:3      | Noticed Ijyb
  3252 | D:3      | Paralysed by Ijyb for 2 turns
  3267 | D:3      | Paralysed by Ijyb for 5 turns
  3539 | D:3      | Killed Ijyb
  3757 | D:4      | Found Zin's Purification Station.
  3757 | D:4      | Found a glowing silver altar of Zin.
  3812 | D:4      | Reached XP level 5. HP: 24/28 MP: 2/9
  3815 | D:4      | Learned a level 2 spell: Scorch
  3879 | D:4      | Found a staircase to the Ecumenical Temple.
  3879 | D:4      | Noticed a necrophage
  3885 | D:4      | Killed a necrophage
  3889 | D:4      | Reached XP level 6. HP: 32/32 MP: 2/11
  3902 | Temple   | Entered the Ecumenical Temple
  4040 | Temple   | Became a worshipper of Vehumet
  4443 | D:4      | Noticed a black bear
  4451 | D:4      | Killed a black bear
  4457 | D:4      | Reached skill level 5 in Fire Magic
  4637 | D:4      | Reached XP level 7. HP: 36/36 MP: 10/13
  4771 | D:4      | Found a shimmering blue altar of Sif Muna.
  4884 | D:5      | Entered Level 5 of the Dungeon
  5172 | D:5      | Reached skill level 5 in Conjurations
  5454 | D:4      | Noticed Robin
  5557 | D:4      | Reached * piety under Vehumet
  5557 | D:4      | Offered knowledge of Freeze by Vehumet.
  5705 | D:4      | Noticed Pikel
  5821 | D:3      | Killed Pikel
  5822 | D:3      | Reached skill level 5 in Spellcasting
  5822 | D:3      | Reached XP level 8. HP: 19/41 MP: 1/16
  5837 | D:4      | Killed Robin
  6572 | D:4      | Reached skill level 1 in Armour
  6575 | D:4      | Reached skill level 1 in Fighting
  6807 | D:5      | Reached XP level 9. HP: 47/47 MP: 11/17
  6815 | D:5      | Learned a level 4 spell: Flame Wave
  7146 | D:6      | Offered knowledge of Magic Dart by Vehumet.
  7250 | D:6      | Reached ** piety under Vehumet
  7345 | D:6      | Found a basalt altar of Yredelemnul.
  7410 | D:6      | Found a burning altar of Makhleb.
  7482 | D:6      | Noticed a manticore
  7537 | D:6      | HP: 1/48 [something] (5)]
  7557 | D:6      | Killed from afar by a steam dragon

Illustrated notes

Levels and vault maps discovered:
D:1:      sevenhm_arrival_forest_fort_large_3, layout_basic, serial_shops,
          nicolae_shop_behind_doors, basic_ecumenical_altar, serial_glass,
          glass_columns_b, glass_columns_c, glass_columns_c, glass_columns_c
D:2:      layout_basic, dk_vineyard_2
D:3:      layout_loops_corners, serial_shops, shop, grunt_ministairs_6,
          uniq_ijyb
D:4:      layout_cave_pools, lemuel_doored_altar, zin_purify,
          minmay_temple_entry_arrows, uniq_pikel, uniq_robin
D:5:      layout_loops_ring
D:6:      hangedman_cross_stitches, layout_basic,
          mainiacjoe_overflow_small_starburst, mainiacjoe_overflow_paths
Temple:   eino_narrow_crystal_temple

Skill      XL: |  1  2  3  4  5  6  7  8  9 |
---------------+----------------------------+-----
Conjurations   | 2 3 4 6 |  6.9
Spellcasting   | 3 4 5 6 |  6.1
Fire Magic     | 4 5 6 |  6.9
Armour         | 1 2 |  2.0
Fighting       | 1 |  1.9
Dodging        | 2 |  2.3
Stealth        | |  2.1

Action                   |  1- 3 |  4- 6 |  7- 9 || total
-------------------------+-------+-------+-------++-------
Melee: Hand axe          |    13 |    30 |     4 ||    47
       Dagger            |       |       |    11 ||    11
 Cast: Foxfire           |    41 |    92 |   153 ||   286
       Scorch            |       |     4 |    47 ||    51
  Use: Potion            |       |     2 |     3 ||     5
       Scroll            |       |       |     1 ||     1
 Stab: Sleeping          |     1 |     1 |       ||     2
Armor: Robe              |    11 |    23 |    23 ||    57
Dodge: Dodged            |    10 |    29 |    37 ||    76

Table legend: (Time is in decaauts)
 A = Elapsed time spent in this place.
 B = Non-inter-level travel time spent in this place.
 C = Inter-level travel time spent in this place.
 D = Time resting spent in this place.
 E = Time spent auto-exploring this place.
 F = Levels seen in this place.
 G = Mean time per level.
                   A        B        C        D        E       F      G
               +--------+--------+--------+--------+--------+-----+--------+
         Total |   7553 |   7344 |    209 |    225 |   6132 |   7 | 1079.0 |
       Dungeon |   7399 |   7209 |    190 |    225 |   6005 |   6 | 1233.2 |
        Temple |    153 |    134 |     19 |      0 |    127 |   1 |  153.0 |
               +--------+--------+--------+--------+--------+-----+--------+

Top non-repeatable levels by time:
     D:4: 2022 daAuts
     D:3: 1388 daAuts
     D:2: 1245 daAuts
     D:1: 1178 daAuts
     D:5: 1136 daAuts
     D:6: 428 daAuts
  Temple: 153 daAuts
